 Dungeon Crawl Stone Soup version 0.28.0 (webtiles) character file.

Game seed: 7493522323685022330

215 Prodoman the Ducker (level 5, -2/35 HPs)
             Began as a Demonspawn Hedge Wizard on Feb 5, 2022.
             Slain by a gnoll (3 damage)
             ... on level 4 of the Dungeon.
             The game lasted 00:12:45 (3556 turns).

Prodoman the Ducker (Demonspawn Hedge Wizard)       Turns: 3556, Time: 00:12:47

Health: -2/35      AC: 13    Str:  9 (10) XL:     5   Next: 60%
Magic:  3/9        EV: 12    Int: 15 (18) God:
Gold:   88         SH:  0    Dex: 11 (12) Spells: 5/10 levels left

rFire   . . .      SeeInvis .   q - +0 dagger (protect)
rCold   . . .      Faith    .   (no shield)
rNeg    . . .      Spirit   .   b - +0 robe
rPois   .          Reflect  .   c - +0 hat
rElec   .          Harm     .   (no cloak)
rCorr   .          Rampage  .   (no gloves)
Will    .....                   (no boots)
Stlth   +.........              (no amulet)
HPRegen 0.11/turn               h - +4 ring of protection
MPRegen 0.11/turn               m - ring of wizardry

@: lit by a corona, under a protective aura, glowing
A: demonic magic 1
a: no special abilities


You were on level 4 of the Dungeon.
You visited 1 branch of the dungeon, and saw 4 of its levels.

You collected 88 gold pieces.

Inventory:

Hand Weapons
 a - a +0 dagger
 d - a +2 short sword of speed
 q - a +0 dagger of protection (weapon)
Armour
 b - a +0 robe (worn)
 c - a +0 hat (worn)
Jewellery
 h - a +4 ring of protection (left hand)
 m - a ring of wizardry (right hand)
Scrolls
 e - 2 scrolls of brand weapon {unknown}
 i - 3 scrolls of identify {unknown}
 n - a scroll of enchant weapon {unknown}
 p - a scroll of summoning {unknown}
Potions
 f - a potion of degeneration
 g - a potion of invisibility {unknown}
 j - 3 potions of might {unknown}
 k - 5 potions of curing
 l - 2 potions of berserk rage {unknown}
 o - a potion of magic {unknown}
 r - a potion of resistance {unknown}


   Skills:
 + Level 3.2 Dodging
 - Level 1.7 Stealth
 + Level 3.0 Spellcasting
 + Level 3.0 Conjurations
 - Level 2.2 Hexes
 - Level 1.0 Summonings
 - Level 0.8 Translocations
 + Level 1.2 Air Magic
 + Level 1.3 Poison Magic


You had 5 spell levels left.
You knew the following spells:

 Your Spells              Type           Power      Damage    Failure   Level
a - Magic Dart            Conj           44%        1d5       2%          1
b - Slow                  Hex            36%        N/A       3%          1
c - Mephitic Cloud        Conj/Pois/Air  7%         N/A       12%         3

Your spell library contained the following spells:

 Spells                   Type           Power      Damage    Failure   Level
 Blink                    Tloc           8%         N/A       9%          2
 Call Imp                 Summ           5%         N/A       9%          2
 Conjure Flame            Conj/Fire      6%         6-21      13%         3
 Inner Flame              Hex/Fire       5%         N/A       16%         3
 Cause Fear               Hex            4%         N/A       30%         4
 Discord                  Hex            4%         N/A       100%        8


Dungeon Overview and Level Annotations

Branches:
Dungeon (4/15)
 Temple: D:4-7

Altars:
Uskayaw


Innate Abilities, Weirdness & Mutations

Spells you cast may paralyse adjacent enemies.


Message History

The gnoll shaman is severely wounded.
The gnoll shaman closely misses you. The gnoll hits you but does no damage.
The gnoll misses you.
You hit the gnoll shaman but do no damage.
The gnoll shaman is severely wounded.
The gnoll shaman closely misses you. The gnoll hits you but does no damage.
The gnoll barely misses the gnoll.
You barely miss the gnoll shaman.
The gnoll shaman is severely wounded.
The gnoll shaman barely misses you. The gnoll barely misses you.
The gnoll hits you but does no damage.
You hit the gnoll shaman but do no damage.
The gnoll shaman is severely wounded.
The gnoll shaman hits you with a +0 whip!
The gnoll barely misses you.
The gnoll completely misses the gnoll.
The ogre hits you with a +0 giant club!
* * * LOW HITPOINT WARNING * * *
You hit the gnoll shaman but do no damage.
The gnoll shaman is severely wounded.
The gnoll shaman hits you but does no damage.
The gnoll barely misses you.
You hit the gnoll shaman but do no damage.
The gnoll shaman is severely wounded.
The ogre barely misses you.
The gnoll shaman hits you but does no damage.
The gnoll hits you but does no damage.
The gnoll hits the gnoll shaman with a +0 club.
The gnoll hits itself with a +0 club.
It was a potion of curing.
You feel better.
The gnoll shaman hits you with a +0 whip.
The gnoll hits you but does no damage. The ogre hits you with a +0 giant club!
* * * LOW HITPOINT WARNING * * *
The gnoll hits you but does no damage.
It was a potion of degeneration.
There was something very wrong with that liquid.
You feel weakened.
You feel dopey.
You feel clumsy.
The gnoll shaman hits you with a +0 whip.
* * * LOW HITPOINT WARNING * * *
The gnoll closely misses you. The gnoll hits you with a +0 club.
You die...

##### ..
....# ..#
....# ..g.
....#
#..####O...#
#..).g@....#
#....gg....#
#....g.#+###
#......#
#......#
#......#####
###+###....#
#.....+....#
##....#....#


You could see an ogre, a gnoll shaman and 3 gnolls.

Vanquished Creatures
  2 orc wizards (D:3)
  A hound skeleton (D:3)
  5 adders
  4 gnolls
  A worm (D:2)
  A dart slug (D:3)
  2 orcs (D:3)
  4 endoplasms
  4 giant cockroaches
  11 hobgoblins
  6 kobolds
  3 ball pythons (D:1)
  7 bats
  4 frilled lizards
  6 goblins
  6 rats
67 creatures vanquished.

Notes
Turn   | Place    | Note
-------+----------+-------------------------------------------
     0 | D:1      | Prodoman the Demonspawn Hedge Wizard began the quest for
                  | the Orb.
     0 | D:1      | Reached XP level 1. HP: 13/13 MP: 4/4
   151 | D:1      | Gained mutation: Spells you cast may paralyse adjacent
                  | enemies. [demonic ancestry]
   151 | D:1      | Reached XP level 2. HP: 15/19 MP: 3/6
   288 | D:1      | Learned a level 1 spell: Slow
  1197 | D:2      | Reached XP level 3. HP: 24/24 MP: 4/7
  1525 | D:2      | Reached skill level 1 in Hexes
  1834 | D:2      | Found a hide-covered altar of Uskayaw.
  1864 | D:2      | Learned a level 3 spell: Mephitic Cloud
  1927 | D:2      | Reached XP level 4. HP: 30/30 MP: 5/8
  2552 | D:3      | Reached XP level 5. HP: 21/35 MP: 3/9
  2557 | D:3      | Reached skill level 1 in Air Magic
  2557 | D:3      | Reached skill level 1 in Poison Magic
  3548 | D:4      | Noticed an ogre
  3556 | D:4      | HP: 1/35 [gnoll shaman (1)]
  3556 | D:4      | Slain by a gnoll

Illustrated notes

Levels and vault maps discovered:
D:1:      amcnicky_arrival_abandoned_market, layout_basic
D:2:      layout_loops_ring, basic_altar, serial_park_tiny_1
D:3:      layout_rooms
D:4:      kennysheep_slugbush, layout_gridville, minmay_small_thing

Skill      XL: |  1  2  3  4  5 |
---------------+----------------+-----
Dodging        | 2 3 |  3.2
Conjurations   | 2 3 |  3.0
Hexes          | 1 2 |  2.2
Air Magic      | 1 |  1.2
Poison Magic   | 1 |  1.3
Stealth        | |  1.7
Spellcasting   | |  3.0
Summonings     | |  1.0
Translocations | |  0.8

Action                   |  1- 3 |  4- 6 || total
-------------------------+-------+-------++-------
Melee: Short sword       |    17 |    18 ||    35
       Dagger            |       |    48 ||    48
       Punch             |       |     1 ||     1
 Cast: Magic Dart        |    85 |    63 ||   148
       Mephitic Cloud    |       |     4 ||     4
  Use: Potion            |       |     2 ||     2
 Stab: Paralysed         |     5 |     9 ||    14
Armor: Robe              |     5 |    32 ||    37
Dodge: Dodged            |    13 |    53 ||    66
